 Dungeon Crawl Stone Soup version 0.19.5 (webtiles) character file.

171220 Mesmaeker13 the Peltast (level 18, 0/105 HPs)
             Began as a Gargoyle Earth Elementalist on Apr 6, 2017.
             Was the Champion of Vehumet.
             Slain by a thrashing horror (12 damage)
             ... on level 3 of the Abyss.
             The game lasted 04:21:35 (55710 turns).

Mesmaeker13 the Peltast (GrEE)                     Turns: 55710, Time: 04:21:36

Health: 0/105      AC: 28    Str: 11    XL:     18   Next: 1%
Magic:  30/32      EV: 18    Int: 25    God:    Vehumet [******]
Gold:   1849       SH: 14    Dex: 15    Spells: 7 memorised, 10 levels left

rFire  + . .     SeeInvis +     N - +5 scimitar (flame)
rCold  + . .     Gourm    .     z - +5 leather armour of the Onion {Int+4}
rNeg   + . .     Faith    .     H - +1 shield {rF+}
rPois  ∞         Spirit   .     Q - +2 hat
rElec  +         Reflect  .     V - +1 cloak {rPois}
rCorr  .         Harm     .     m - +1 pair of gloves
MR     +....                    (no boots)
Stlth  ++........               h - amulet of regeneration
                                K - +5 ring of dexterity
                                f - ring "Kez Oxae" {rElec rC+ SInv}

@: no status effects
A: big wings, dopey 1, negative energy resistance 1, electricity resistance,
weak 1, unbreathing, petrification resistance, rot immunity, AC +13
a: Fly, Renounce Religion


You were on level 3 of the Abyss.
You worshipped Vehumet.
Vehumet was exalted by your worship.
You were not hungry.

You visited 6 branches of the dungeon, and saw 29 of its levels.
You visited the Abyss 1 time.
You also visited: Bailey.

You collected 4235 gold pieces.
You spent 2386 gold pieces at shops.

Inventory:

Hand Weapons
 N - a +5 scimitar of flaming (weapon)
Missiles
 c - 15 stones (quivered)
Armour
 m - a +1 pair of gloves (worn)
 z - the +5 leather armour of the Onion (worn) {Int+4}
   (You found it on level 5 of the Dungeon)

   It affects your intelligence (+4).
 H - a +1 shield of fire resistance (worn)
 Q - a +2 hat (worn)
 V - a +1 cloak of poison resistance (worn)
Jewellery
 f - the ring "Kez Oxae" (left hand) {rElec rC+ SInv}
   (You bought it in a shop on level 10 of the Dungeon)

   [ring of see invisible]

   It protects you from cold.
   It insulates you from electricity.
   It lets you see invisible.
 h - an amulet of regeneration (around neck)
 l - a cursed -3 ring of dexterity
 K - a +5 ring of dexterity (right hand)
Wands
 v - a wand of heal wounds (0/9)
Scrolls
 a - 3 scrolls of recharging
 d - a scroll of enchant weapon
 g - a scroll of teleportation
 j - 4 scrolls of enchant armour
 q - a scroll of magic mapping
 r - a scroll of amnesia
 u - a scroll of holy word {unknown}
 y - 7 scrolls of remove curse
 B - a scroll of acquirement {unknown}
 L - a scroll of silence
Potions
 e - a potion of agility
 i - a potion of brilliance
 k - a potion of resistance
 n - 2 potions of heal wounds
 p - 2 potions of haste
 t - a potion of ambrosia
 w - 3 potions of curing
 C - 3 potions of cancellation
 P - 4 potions of flight
 X - a potion of invisibility
Books
 o - a book of Alchemy

   Spells                             Type                      Level
   a - Sublimation of Blood           Necromancy                   2
   b - Ignite Poison                  Fire/Transmutation/Poison    3
   c - Petrify                        Transmutation/Earth          4
   d - Alistair's Intoxication        Transmutation/Poison         5
   e - Irradiate                      Conjuration/Transmutation    5
 D - a book of the Sky

   Spells                             Type                      Level
   a - Summon Lightning Spire         Summoning/Air                4
   b - Airstrike                      Air                          4
   c - Silence                        Hexes/Air                    5
   d - Deflect Missiles               Charms/Air                   6
   e - Conjure Ball Lightning         Conjuration/Air              6
   f - Tornado                        Air                          9
Miscellaneous
 A - a lamp of fire


   Skills:
 - Level 9.0 Fighting
 + Level 0.6 Long Blades
 - Level 7.0 Armour
 - Level 10.0 Dodging
 - Level 2.1 Stealth
 - Level 15.0 Shields
 - Level 10.2 Spellcasting
 - Level 14.0 Conjurations
 - Level 5.0 Charms
   Level 5.3 Summonings
 - Level 8.0 Transmutations
 - Level 6.5 Fire Magic
 - Level 14.0 Earth Magic


You had 10 spell levels left.
You knew the following spells:

 Your Spells              Type           Power        Failure   Level  Hunger
a - Iron Shot             Conj/Erth      ######....   1%          6    #####..
b - Stone Arrow           Conj/Erth      ######       1%          3    None
c - Passwall              Tmut/Erth      ######....   1%          2    None
d - Lee's Rapid Deconstr  Erth           ######....   1%          5    ####...
e - Petrify               Tmut/Erth      ######..     1%          4    None
f - Repel Missiles        Chrm/Air       ####..       3%          2    None
g - Fireball              Conj/Fire      ######....   1%          5    ####...


Dungeon Overview and Level Annotations

Branches:
Dungeon (14/15)            Temple (1/1) D:6            Lair (6/6) D:8
 Shoals (4/4) Lair:4       Spider (2/4) Lair:3        Slime (0/5) Lair:6
    Orc (2/2) D:9             Elf (0/3) Orc:2
 Vaults: D:13-14

Altars:
Ashenzari
Cheibriados
Dithmenos
Elyvilon
Fedhas
Gozag
Hepliaklqana
Kikubaaqudgha
Makhleb
Nemelex Xobeh
Okawaru
Qazlal
Ru
Sif Muna
Trog
Uskayaw
Vehumet
Xom
Yredelemnul
Zin
The Shining One
Beogh
Jiyva

Shops:
D:7 ?   D:8 [[%?!   D:10 =*[   Orc:1 [   Orc:2 (:!%   Shoals:2 *

Portals:
Pandemonium: Orc:2

Annotations:
D:14 Frances
Lair:5 Mesmaeker13's ghost, journeyman TrBe


Innate Abilities, Weirdness & Mutations

You are resistant to torment.
Your stone body is resilient. (AC +13)
You are immune to poison.
Your large and strong wings let you fly indefinitely.
You resist negative energy. (rN+)
You are resistant to electric shocks. (rElec)
You can survive without breathing.
You are immune to petrification.
You are immune to rotting.
You are dopey. (Int -2)
You are weak. (Str -2)


Message History

You block the thrashing horror's attack.
The thrashing horror closely misses you.
The thrashing horror tramples you but does no damage. x2
The thrashing horror roars!
The thrashing horror barely misses you. The thrashing horror misses you.
The thrashing horror tramples you.
* * * LOW HITPOINT WARNING * * *
You hold your ground!
The thrashing horror tramples you but does no damage.
A large abomination comes into view.
The thrashing horror tramples you.
* * * LOW HITPOINT WARNING * * *
You stumble backwards!
An earth elemental comes into view.
The thrashing horror misses you. x2
A tentacled starspawn comes into view.
You block the thrashing horror's attack. x2
You block the thrashing horror's attack.
The thrashing horror barely misses you. The thrashing horror tramples you!
You die...

. #. # .#E#.
.....### ##
........## ..
#..X#X##.#
#.#@..# ####
###X#...# #
...##...##.##
........E###
............# .
.#...X......# ..
...........##
..... # ..
..........†....#
.
>X.#....####.###


You could see 2 thrashing horrors and a large abomination.

Vanquished Creatures
  2 krakens
  Polyphemus (Shoals:3)
  Roxanne (D:14)
  An orc warlord (D:9)
  2 ghost moths
  Aizul (Shoals:3)
  Louise (Shoals:1)
  2 stone giants
  3 merfolk javelineers
  Snorg (D:14)
  An ettin (Orc:2)
  Josephine (Shoals:1)
  3 merfolk impalers
  The ghost of Lucio the Covert, a journeyman SpEn (Shoals:1)
  4 hydras
  2 merfolk avatars
  Erica (Lair:1)
  2 catoblepae
  5 centaur warriors
  5 merfolk aquamancers
  A dancing weapon (Orc:2)
  2 satyrs
  2 death yaks (Shoals:3)
  3 large abominations (Abyss:3)
  3 orc high priests (Orc:2)
  2 thrashing horrors (Abyss:3)
  A sixfirhy (Abyss:3)
  An unseen horror (D:13)
  An infernal demonspawn (Orc:2)
  14 sea snakes
  A torturous demonspawn (Orc:2)
  2 gelid demonspawn (Orc:2)
  13 harpies
  6 orc knights
  7 orb spiders (Spider:1)
  8 cyclopes
  2 deep elf magi (D:13)
  9 orc sorcerers (Orc:2)
  10 wolf spiders
  4 ugly things
  8 fauns
  9 manticores
  11 elephants
  Maurice (D:13)
  An apocalypse crab (Abyss:3)
  2 black mambas
  A smoke demon (Abyss:3)
  3 gargoyles
  Psyche (D:12)
  An orange demon (Orc:2)
  12 spiny frogs
  7 sirens
  8 water nymphs
  5 rime drakes
  A yaktaur (D:13)
  A redback zombie (D:14)
  2 hellwings (Orc:2)
  2 demonic crawlers
  12 komodo dragons
  A troll (shapeshifter) (D:13)
  13 jumping spiders
  9 trolls
  5 polar bears
  A queen bee (Lair:2)
  A red devil (Orc:2)
  A raiju (Abyss:3)
  28 merfolk
  2 two-headed ogres
  Prince Ribbit (D:7)
  3 hornets (Lair:6)
  15 blink frogs
  6 wind drakes
  18 hippogriffs
  8 dream sheep
  6 snapping turtles
  20 redbacks
  6 wraiths
  7 tarantellas
  A vampire (D:13)
  13 spriggans
  2 air elementals
  2 shadows
  26 yaks
  11 water elementals
  5 wyverns
  10 basilisks
  4 fire bats (Abyss:3)
  A golden eye (shapeshifter) (D:13)
  A neqoxec (Orc:2)
  2 mottled dragons
  7 wargs
  A soldier ant (D:13)
  Duvessa (D:6)
  2 hell hounds (D:8)
  17 water moccasins
  11 porcupines
  5 ice beasts
  5 sky beasts
  40 orc warriors
  3 boggarts (Lair:6)
  5 black bears
  2 necrophages (D:5)
  An eye of draining (D:13)
  A phantom (D:6)
  27 ogres
  9 centaurs
  30 wolves
  20 crocodiles
  Blork the orc (D:6)
  4 big kobolds
  33 bullfrogs
  An earth elemental (Abyss:3)
  11 gnoll sergeants
  Dowan (D:6)
  5 scorpions
  42 killer bees
  A water moccasin skeleton (D:4)
  14 wights
  An electric eel (Spider:1)
  4 howler monkeys
  3 centaur zombies
  12 crimson imps
  4 starcursed masses (Abyss:3)
  5 hounds
  5 jellies
  38 orc wizards
  4 bullfrog zombies
  3 centaur skeletons
  39 orc priests
  8 gnoll shamans
  4 bullfrog skeletons
  7 iguanas
  2 worker ants
  A killer bee zombie (D:9)
  2 hound zombies
  A howler monkey zombie (D:9)
  2 worker ant zombies
  Robin (D:3)
  62 gnolls
  13 adders
  A howler monkey skeleton (D:7)
  A river rat (Lair:2)
  4 shadow imps
  A white imp (D:10)
  2 oozes
  2 adder skeletons
  2 adder zombies
  A worm (D:4)
  6 leopard geckos
  105 orcs
  7 giant cockroaches
  19 goblins
  9 hobgoblins
  27 jackals
  16 kobolds
  14 quokkas
  9 bats
  A frilled lizard (D:1)
  A jackal skeleton (D:5)
  4 leopard gecko skeletons
  2 quokka skeletons
  5 rats
  3 butterflies (Lair:3)
  2 plants
  4 tentacles (Shoals:3)
1218 creatures vanquished.

Vanquished Creatures (collateral kills)
  2 gnolls (D:3)
  A bat (D:3)
3 creatures vanquished.

Vanquished Creatures (others)
  A redback (Spider:1)
  A wight (D:12)
  2 gnolls (D:3)
  A quokka (D:3)
  A bush (Lair:1)
  25 fungi
  54 plants
  76 tentacles
161 creatures vanquished.

Grand Total: 1382 creatures vanquished

Notes
Turn   | Place    | Note
-------+----------+-------------------------------------------
     0 | D:1      | Mesmaeker13 the Gargoyle Earth Elementalist began the quest for the Orb.
     0 | D:1      | Reached XP level 1. HP: 10/10 MP: 3/3
   151 | D:1      | Reached XP level 2. HP: 15/15 MP: 3/5
   714 | D:1      | Reached XP level 3. HP: 18/19 MP: 3/6
  1139 | D:2      | Learned a level 3 spell: Stone Arrow
  1394 | D:2      | Reached XP level 4. HP: 22/24 MP: 7/7
  1451 | D:2      | Reached skill level 1 in Conjurations
  1774 | D:2      | Found a shadowy altar of Dithmenos.
  1872 | D:3      | Reached skill level 5 in Earth Magic
  1872 | D:3      | Reached XP level 5. HP: 17/28 MP: 2/8
  2060 | D:3      | Learned a level 2 spell: Passwall
  2740 | D:3      | Reached XP level 6. HP: 28/32 MP: 5/9
  2754 | D:3      | Found a white marble altar of Elyvilon.
  3628 | D:3      | Reached XP level 7. HP: 22/36 MP: 0/10
  4249 | D:3      | Noticed Robin
  4263 | D:3      | Killed Robin
  4613 | D:4      | Reached skill level 5 in Conjurations
  4932 | D:4      | Reached XP level 8. HP: 39/41 MP: 4/11
  5192 | D:5      | Entered Level 5 of the Dungeon
  5635 | D:5      | Reached skill level 5 in Dodging
  5880 | D:5      | Learned a level 5 spell: Lee's Rapid Deconstruction
  6330 | D:5      | Got a dazzling leather armour
  6664 | D:5      | Reached XP level 9. HP: 45/45 MP: 11/15
  6974 | D:6      | Found a stormy altar of Qazlal.
  7108 | D:6      | Noticed Blork the orc
  7130 | D:6      | Killed Blork the orc
  7273 | D:6      | Found a blossoming altar of Fedhas.
  7382 | D:6      | Noticed Dowan
  7384 | D:6      | Noticed Duvessa
  7398 | D:6      | Killed Duvessa
  7402 | D:6      | Killed Dowan
  7402 | D:6      | Reached skill level 5 in Spellcasting
  7547 | D:6      | Found a staircase to the Ecumenical Temple.
  7562 | Temple   | Entered the Ecumenical Temple
  7777 | D:6      | Reached skill level 1 in Fighting
  8122 | D:6      | Found a radiant altar of Vehumet.
  8123 | D:6      | Found a hide-covered altar of Uskayaw.
  8129 | D:6      | Became a worshipper of Vehumet
  8383 | D:7      | Identified the +5 leather armour of the Onion {Int+4} (You found it on level 5 of the Dungeon)
  8582 | D:7      | Reached skill level 10 in Earth Magic
  8697 | D:7      | Learned a level 4 spell: Petrify
  8749 | D:7      | Found Wemiaf's Magic Scroll Shoppe.
  8759 | D:7      | Bought a scroll of identify for 30 gold pieces
  8759 | D:7      | Bought a scroll of identify for 30 gold pieces
  8761 | D:7      | Bought a scroll of teleportation for 45 gold pieces
  8863 | D:7      | Reached XP level 10. HP: 56/56 MP: 10/17
  9325 | D:8      | Reached skill level 1 in Shields
  9439 | D:8      | Found Tiocor's Armour Shop.
  9485 | D:7      | Reached * piety under Vehumet
  9485 | D:7      | Offered knowledge of Magic Dart by Vehumet.
  9647 | D:7      | Reached skill level 2 in Shields
  9859 | D:8      | Bought a +0 buckler for 54 gold pieces
  9984 | D:8      | Found a flagged portal.
 10003 | Bailey   | Entered a bailey
 10300 | Bailey   | Reached skill level 3 in Shields
 10829 | Bailey   | Reached skill level 5 in Fighting
 11215 | Bailey   | Reached skill level 4 in Shields
 11365 | Bailey   | Learned a level 2 spell: Repel Missiles
 11469 | D:8      | Found Gonkuqu's Antique Armour Shop.
 11515 | D:8      | Bought a glowing cloak for 315 gold pieces
 11575 | D:8      | Noticed Prince Ribbit
 11593 | D:7      | Killed Prince Ribbit
 11593 | D:7      | Reached skill level 1 in Transmutations
 11595 | D:7      | Reached ** piety under Vehumet
 11597 | D:7      | Offered knowledge of Throw Frost by Vehumet.
 11876 | D:8      | Found a bloodstained altar of Trog.
 11911 | D:8      | Found Lyxzayn's Distillery.
 11992 | D:8      | Reached skill level 5 in Shields
 12120 | D:8      | Found a staircase to the Lair.
 12240 | D:8      | Found Boufrufu's Magic Scroll Shop.
 12348 | D:8      | Found Batuq's Food Shop.
 12363 | D:8      | Bought a scroll of identify for 22 gold pieces
 12522 | D:9      | Offered knowledge of Dazzling Spray by Vehumet.
 12619 | D:9      | Reached skill level 1 in Charms
 12626 | D:9      | Reached XP level 11. HP: 61/66 MP: 14/18
 12650 | D:9      | Reached *** piety under Vehumet
 12804 | D:9      | Reached skill level 1 in Armour
 13542 | D:9      | Found a staircase to the Orcish Mines.
 13832 | D:9      | Offered knowledge of Olgreb's Toxic Radiance by Vehumet.
 13859 | D:10     | Entered Level 10 of the Dungeon
 14280 | D:10     | Found Fecluu Iskiu's Assorted Antiques.
 14336 | D:10     | Found Tyakhuci's Armour Shoppe.
 14758 | D:10     | Found Leusex's Jewellery Shoppe.
 14953 | Lair:1   | Entered Level 1 of the Lair of Beasts
 14977 | Lair:1   | Noticed Erica
 14995 | D:8      | Reached **** piety under Vehumet
 15167 | Lair:1   | Killed Erica
 15167 | Lair:1   | Reached skill level 6 in Shields
 15700 | Lair:1   | Reached skill level 5 in Armour
 15730 | Lair:1   | Reached skill level 7 in Shields
 15793 | Lair:1   | Offered knowledge of Mephitic Cloud by Vehumet.
 15990 | Lair:1   | Reached skill level 5 in Transmutations
 15997 | Lair:1   | Reached XP level 12. HP: 68/72 MP: 14/19
 16574 | Lair:1   | Reached skill level 8 in Shields
 17359 | Lair:2   | Reached skill level 9 in Shields
 17748 | Lair:2   | Reached ***** piety under Vehumet
 17942 | Lair:2   | Offered knowledge of Force Lance by Vehumet.
 18516 | Lair:2   | Reached skill level 10 in Shields
 19204 | Lair:2   | Reached skill level 5 in Charms
 19661 | Lair:1   | Reached XP level 13. HP: 41/78 MP: 7/21
 19844 | D:10     | Bought a +1 shield of fire resistance for 181 gold pieces
 20134 | Lair:3   | Found a hide-covered altar of Uskayaw.
 20357 | Lair:3   | Learned a level 3 spell: Mephitic Cloud
 20484 | Lair:3   | Found a hole to the Spider Nest.
 20653 | Lair:3   | You fall through a shaft for 3 floors!
 20653 | Lair:6   | Entered Level 6 of the Lair of Beasts
 21748 | Lair:4   | Reached skill level 11 in Shields
 21790 | Lair:4   | Offered knowledge of Spellforged Servitor by Vehumet.
 21810 | Lair:4   | Learned a level 7 spell: Spellforged Servitor
 21974 | Lair:4   | Found a staircase to the Shoals.
 22221 | Lair:5   | Noticed Mesmaeker13's ghost (journeyman TrBe)
 22380 | D:8      | Bought 2 potions of heal wounds for 130 gold pieces
 22696 | D:11     | Got a polished glaive
 23308 | D:12     | Noticed Psyche
 23310 | D:12     | Killed Psyche
 25109 | Lair:6   | Reached skill level 12 in Shields
 25295 | Lair:6   | Gained mutation: Your large and strong wings let you fly indefinitely. [Gargoyle growth]
 25295 | Lair:6   | Reached XP level 14. HP: 65/84 MP: 15/24
 25720 | Lair:6   | Offered knowledge of Yara's Violent Unravelling by Vehumet.
 26196 | Lair:6   | Found a runed door.
 26196 | Lair:6   | Found a viscous altar of Jiyva.
 26196 | Lair:6   | Found a staircase to the Slime Pits.
 27700 | Lair:6   | Identified Tegh's Papyrus of Transmigration and Malediction
 27704 | Lair:6   | Got a pitted rapier
 27826 | Lair:5   | Identified the cursed +1 rapier of Honour {pierce, Dex+7} (You found it on level 6 of the Lair of Beasts)
 28707 | Lair:5   | Offered knowledge of Ozocubu's Refrigeration by Vehumet.
 28707 | Lair:5   | Reached skill level 13 in Shields
 28921 | D:8      | Bought a potion of heal wounds for 65 gold pieces
 29065 | D:8      | Bought a scroll of enchant armour for 82 gold pieces
 29065 | D:8      | Bought a scroll of identify for 22 gold pieces
 31080 | D:13     | Noticed Maurice
 31083 | D:13     | Killed Maurice
 31083 | D:13     | Reached skill level 1 in Summonings
 31778 | D:14     | Found a basalt altar of Yredelemnul.
 32317 | D:14     | Reached XP level 15. HP: 85/88 MP: 15/25
 32434 | D:14     | Noticed Roxanne
 32443 | D:14     | Killed Roxanne
 32872 | D:14     | Noticed Snorg
 32882 | D:14     | Killed Snorg
 33135 | D:14     | Noticed Frances
 33303 | D:11     | Reached skill level 10 in Conjurations
 33409 | Lair:1   | Learned a level 5 spell: Fireball
 33503 | Orc:1    | Entered Level 1 of the Orcish Mines
 33503 | Orc:1    | Found Ziof's Antique Armour Shop.
 33507 | Orc:1    | Offered knowledge of Conjure Ball Lightning by Vehumet.
 33815 | Orc:1    | Bought a pair of runed gloves for 294 gold pieces
 33862 | Orc:1    | Noticed an orc warlord
 34268 | D:9      | Killed an orc warlord
 34268 | D:9      | Reached skill level 1 in Fire Magic
 34911 | Orc:1    | Found a roughly hewn altar of Beogh.
 35073 | Orc:2    | Entered Level 2 of the Orcish Mines
 35305 | Orc:2    | Offered knowledge of Bolt of Fire by Vehumet.
 36368 | Orc:2    | Reached skill level 14 in Shields
 36532 | Orc:2    | Found a staircase to the Elven Halls.
 36694 | Orc:2    | Found Soeh's Food Shop.
 36911 | Orc:2    | Found Gucwuhaa's Distillery.
 37340 | Orc:2    | Bought a potion of heal wounds for 65 gold pieces
 37878 | Orc:2    | Gained mutation: You are weak. (Str -2) [a neqoxec]
 37879 | Orc:2    | Reached skill level 5 in Summonings
 37961 | Orc:2    | Gained mutation: You are dopey. (Int -2) [a neqoxec]
 38338 | Orc:2    | Offered knowledge of Iron Shot by Vehumet.
 38407 | Orc:2    | Learned a level 6 spell: Iron Shot
 39067 | Orc:2    | Paralysed by an orc sorcerer for 6 turns
 39557 | Orc:2    | Found Noal's Antique Weapon Shoppe.
 39557 | Orc:2    | Found a one-way gate leading to the halls of Pandemonium.
 39557 | Orc:2    | Found Enun Heu's Book Emporium.
 40733 | Orc:2    | Bought a potion of cure mutation for 325 gold pieces
 40733 | Orc:2    | Bought a potion of mutation for 32 gold pieces
 40733 | Orc:2    | Bought a potion of might for 52 gold pieces
 40940 | Lair:1   | Learned a level 5 spell: Fireball
 41005 | Spider:1 | Entered Level 1 of the Spider Nest
 41063 | Lair:3   | Reached XP level 16. HP: 93/93 MP: 19/26
 41078 | Lair:3   | Reached skill level 10 in Dodging
 41451 | Spider:1 | Got a translucent ring mail
 41478 | Lair:3   | Identified the +5 ring mail of Calculation {rN+ MR+ MP+9} (You found it on level 1 of the Spider Nest)
 42606 | D:10     | Bought the ring "Kez Oxae" {rElec rC+ SInv} for 468 gold pieces
 42883 | Lair:3   | Reached skill level 5 in Fire Magic
 43280 | Lair:3   | Reached skill level 15 in Shields
 45180 | Shoals:1 | Entered Level 1 of the Shoals
 45283 | Shoals:1 | Noticed Lucio's ghost (journeyman SpEn)
 45867 | Shoals:1 | Killed Lucio's ghost
 46646 | Shoals:1 | Noticed Louise
 47035 | Shoals:1 | Noticed Josephine
 47068 | Shoals:1 | Killed Josephine
 47352 | Shoals:1 | Killed Louise
 48079 | Shoals:2 | Got a blackened buckler
 48139 | Shoals:2 | Identified the +3 buckler of Sovereignty {+Blink rF- Int+4 Dex+3} (You found it on level 2 of the Shoals)
 49441 | Shoals:2 | Reached XP level 17. HP: 83/97 MP: 13/28
 49636 | Shoals:2 | Found Ubbetyda's General Store.
 49644 | Shoals:2 | Bought a scroll of identify for 32 gold pieces
 49644 | Shoals:2 | Bought a scroll of identify for 32 gold pieces
 49646 | Shoals:2 | Bought a scroll of identify for 32 gold pieces
 50085 | Shoals:3 | Noticed Aizul
 50273 | Shoals:3 | Killed Aizul
 51596 | Shoals:3 | Noticed Polyphemus
 51741 | Shoals:3 | Killed Polyphemus
 52066 | Shoals:3 | Noticed a kraken
 52242 | Shoals:3 | Killed a kraken
 52746 | D:7      | Bought a scroll of teleportation for 45 gold pieces
 52911 | D:8      | Bought a scroll of teleportation for 33 gold pieces
 53112 | Shoals:4 | Entered Level 4 of the Shoals
 53252 | Shoals:4 | Noticed a kraken
 53276 | Shoals:4 | Reached ****** piety under Vehumet
 53693 | Shoals:4 | Killed a kraken
 54068 | Shoals:4 | Reached skill level 10 in Spellcasting
 54075 | Shoals:4 | Offered knowledge of Lehudib's Crystal Spear by Vehumet.
 54075 | Shoals:4 | Offered knowledge of Fire Storm by Vehumet.
 54075 | Shoals:4 | Offered knowledge of Shatter by Vehumet.
 55126 | Shoals:4 | Cast into level 3 of the Abyss (merfolk javelineer)
 55393 | Abyss:3  | Found a burning altar of Makhleb.
 55677 | Abyss:3  | Reached XP level 18. HP: 105/105 MP: 32/32
 55710 | Abyss:3  | Slain by a thrashing horror

Skill      XL: |  1  2  3  4  5  6  7  8  9 10 11 12 13 14 15 16 17 |
---------------+----------------------------------------------------+-----
Earth Magic    | 4 5 6 7 8 10 11 13 14 | 14.0
Dodging        | 2 3 4 5 6 7 8 9 10 | 10.0
Conjurations   | 1 2 3 5 6 9 10 11 14 | 14.0
Spellcasting   | 4 5 7 10 | 10.2
Fighting       | 3 6 7 8 9 |  9.0
Shields        | 5 7 10 12 13 14 15 | 15.0
Transmutations | 2 5 7 8 |  8.0
Charms         | 1 4 5 |  5.0
Armour         | 5 7 |  7.0
Summonings     | 2 5 |  5.3
Fire Magic     | 3 6 |  6.5
Long Blades    | |  0.6
Stealth        | |  2.1

Action                   |  1- 3 |  4- 6 |  7- 9 | 10-12 | 13-15 | 16-18 || total
-------------------------+-------+-------+-------+-------+-------+-------++-------
Melee: Dagger            |    54 |   184 |   253 |       |       |       ||   491
       Club              |     2 |       |       |       |       |       ||     2
       Scimitar          |       |       |    22 |   587 |  1074 |   830 ||  2513
       Rapier            |       |       |       |       |    60 |       ||    60
 Fire: Blowgun           |       |     4 |     4 |       |       |       ||     8
Throw: Throwing net      |       |       |     4 |    17 |       |       ||    21
       Stone             |       |       |     1 |     3 |     1 |       ||     5
 Cast: Sandblast         |    55 |    55 |   119 |   211 |    88 |       ||   528
       Stone Arrow       |     1 |    17 |    35 |   158 |   625 |   477 ||  1313
       Lee's Rapid Decon |       |       |     1 |    10 |    17 |       ||    28
       Petrify           |       |       |       |    18 |    23 |     7 ||    48
       Repel Missiles    |       |       |       |     2 |     2 |     8 ||    12
       Passwall          |       |       |       |       |     1 |       ||     1
       Iron Shot         |       |       |       |       |    17 |    76 ||    93
       Fireball          |       |       |       |       |    12 |    45 ||    57
 Abil: Fly               |       |       |       |       |       |     1 ||     1
       Stop Flying       |       |       |       |       |       |     1 ||     1
Evoke: Wand              |       |     5 |       |     4 |     7 |     5 ||    21
       Lamp of fire      |       |       |       |       |       |     1 ||     1
  Use: Scroll            |     4 |     6 |     6 |    10 |    23 |    14 ||    63
       Potion            |       |       |       |     3 |     3 |    17 ||    23
 Stab: Sleeping          |     2 |     1 |       |     1 |     2 |       ||     6
       Distracted        |       |       |     1 |       |       |       ||     1
       Petrified         |       |       |       |    13 |     6 |       ||    19
  Eat: Chunk             |     3 |    10 |    14 |    27 |    57 |    33 ||   144
       Bread ration      |       |       |     1 |     4 |     5 |     7 ||    17
       Pizza             |       |       |     1 |       |       |     2 ||     3
       Meat ration       |       |       |       |       |     1 |     1 ||     2
       Beef jerky        |       |       |       |       |     1 |     9 ||    10
       Fruit             |       |       |       |       |       |     4 ||     4
Armor: Robe              |    25 |    74 |    69 |       |       |       ||   168
       Leather armour    |       |       |    20 |   415 |   591 |   691 ||  1717
       Ring mail         |       |       |       |       |       |    22 ||    22
Dodge: Dodged            |    47 |   158 |   245 |   674 |   911 |  1023 ||  3058
       Deflected         |       |       |       |     7 |     6 |    44 ||    57
Block: Buckler           |       |       |       |   203 |     3 |       ||   206
       Shield            |       |       |       |       |  1253 |  1145 ||  2398
       Rpst.: Scimitar   |       |       |     7 |   168 |   226 |   208 ||   609
